Match 47394620
Unlisted

Match 47394620
End
Kradschützen Motorcycle Team
Panzergrenadier Squad
Panzergrenadier Squad
250 Light Carrier
Construct Light Support Kompanie
MG34 Team
2.5-tonne Medical Truck
Assault Mechanized Group
Forward Retreat Point
Selects Panzerjäger Kommand Battlegroup
Selects Tank Busters
Selects Blockade Equipment
Selects Crew Shock Tactics
Panzerjäger Squad
Fire Support Elements
Panzerjäger Mechanized Group
2.5-tonne Medical Truck
Panzerjäger Squad
Construct Panzerarmee Kommand
Crew Shock Tactics
Walking Stuka Rocket Launcher
Selects Elefant Tank Destroyer
Crew Shock Tactics
Panzerjäger Mechanized Group
Selects Defensive Positions
Construct Mechanized Kompanie
18-tonne Recovery Half-track
Selects Butterfly Bomb Drop
Elefant Tank Destroyer
Crew Shock Tactics
rockkiller31
Base rush noobs #
yaandreyzz
Khayyam
danceM
Hugh Mann
0
0

Comments sign in to comment!

No comments posted yet!